 Dungeon Crawl Stone Soup version 0.17-a0-1910-g4c791fa (webtiles) character file.

4588 wvc the Carver (level 10, 5/45 HPs)
             Began as a Vine Stalker Wanderer on Sept 25, 2015.
             Was an Initiate of Ru.
             Quit the game on level 1 of the Lair of Beasts.
             The game lasted 00:18:07 (7545 turns).

wvc the Carver (Vine Stalker Wanderer)              Turns: 7545, Time: 00:18:07

Health: 5/45       AC:  9    Str: 15    XL:     10   Next: 41%
Magic:  4/11       EV: 12    Int: 12    God:    Ru [......]
Gold:   252        SH:  0    Dex: 17    Spells: 0 memorised, 9 levels left

rFire  . . .     SeeInvis +     p - +2 falchion (elec)
rCold  + . .     Rnd*Rage +     K - +1 ring mail {rC+}
rNeg   . . .     SustAt   .     (no shield)
rPois  .         Gourm    .     (no helmet)
rElec  .         Spirit   +     x - +1 cloak
rCorr  .         Warding  .     I - +0 pair of gloves
rMut   .         Stasis   .     (no boots)
MR     +....                    v - amulet of rage
Stlth  +.........               (no ring)
                                C - ring of see invisible

@: lethally poisoned (5 -> -19), somewhat resistant to hostile enchantments,
very unstealthy
A: fangs 3, slimy green scales 1, berserk 1, deformed body, frail 1,
regeneration 2, spit poison 1, magic shield, antimagic bite, no device heal 3,
rot immunity, MP-powered wands
a: Spit Poison, Renounce Religion, Evoke Berserk Rage


You were on level 1 of the Lair of Beasts.
You worshipped Ru.
Ru was noncommittal.
You were not hungry.

You visited 2 branches of the dungeon, and saw 9 of its levels.
You also visited: Sewer.

You collected 460 gold pieces.
You spent 208 gold pieces at shops.

Inventory:

Hand weapons
 d - a +0 blowgun
 g - a +2 dagger of venom
 p - a +2 falchion of electrocution (weapon)
Missiles
 a - 8 needles of slowing
 c - 54 poisoned needles
Armour
 x - a +1 cloak (worn)
 I - a +0 pair of gloves (worn)
 K - a +1 ring mail of cold resistance (worn)
Jewellery
 b - an uncursed amulet of warding
 v - an amulet of rage (around neck)
 C - a ring of see invisible (left hand)
Magical devices
 m - a wand of slowing (10)
 t - a wand of lightning (9)
 u - a wand of confusion (5)
 D - a wand of disintegration (15)
 E - a wand of confusion (39)
 G - a wand of lightning (7)
Scrolls
 e - 5 scrolls of teleportation
 l - 11 scrolls of remove curse
 q - a scroll of fog
 w - a scroll of enchant weapon
 y - a scroll of recharging
 B - 2 scrolls of enchant armour
 L - 2 scrolls of blinking
 M - a scroll of identify
Potions
 h - 6 potions of curing
 i - 4 potions of might
 k - a potion of agility
 n - 2 potions of brilliance
Books
 N - a book of Burglary

   Spells                             Type                      Level
   a - Swiftness                      Charms/Air                   2
   b - Passwall                       Transmutation/Earth          3
   c - Passage of Golubria            Translocation                4
   d - Lee's Rapid Deconstruction     Earth                        5
   e - Darkness                       Hexes                        6
   f - Invisibility                   Hexes                        6
Comestibles
 f - 9 bread rations
 j - 4 chunks of flesh
 o - 3 fruits
 r - 5 meat rations
 z - 2 royal jellies
 A - a beef jerky
 H - 3 slices of pizza


   Skills:
 - Level 5.4 Fighting
 - Level 2.4(8.4) Short Blades
 * Level 12.3(12.4) Long Blades
   Level 2.0 Staves
 - Level 1.0 Throwing
 - Level 2.0 Armour
 - Level 2.6 Dodging
 - Level 1.2 Stealth


You had 9 spell levels left.
You didn't know any spells.

Dungeon Overview and Level Annotations

Branches:
Dungeon (8/15)             Temple (0/1) D:6            Lair (1/8) D:8

Altars:
Cheibriados
Dithmenos
Fedhas
Kikubaaqudgha
Makhleb
Okawaru
Qazlal
Ru
Sif Muna
Trog
Vehumet
Zin
The Shining One

Shops:
D:7 *


Innate Abilities, Weirdness & Mutations

You have razor-sharp teeth.
You heal very quickly.
When hurt, damage is shared between your health and your magic reserves.
Your bite disrupts and absorbs the magic of your enemies.
Potions and wands cannot restore your health.
You are immune to rotting.
You are partially covered in slimy green scales (AC +2).
You tend to lose your temper in combat.
Armour fits poorly on your strangely shaped body.
You are frail (-10% HP).
You can spit weak poison.
You expend magic power (3 MP) to strengthen your wands.


Message History

The spiny frog is lightly wounded.
The spiny frog stings you!
* * * LOW HITPOINT WARNING * * *
You are poisoned.
The spiny frog poisons you!
The water moccasin bites you but does no damage.
You hit the spiny frog but do no damage.
You bite the spiny frog. You drain its power.
You feel invigorated.
The spiny frog is lightly wounded.
You feel sick. The spiny frog closely misses you.
The water moccasin bites you but does no damage.
You hit the spiny frog.
There is a sudden explosion of sparks!
You bite the spiny frog. You drain its power.
You feel invigorated.
The spiny frog is severely wounded.
You feel sick. The spiny frog stings you!
* * * LOW HITPOINT WARNING * * *
You are more poisoned.
The spiny frog poisons you!
The water moccasin bites you but does no damage.
Are you sure you want to abandon this character and quit the game? (Confirm with "yes".)

##.....## #...........#
##.....### #....####...#
##......# #...##..#..##
#P.....## #...#...##.#
###.....###...##.##..##
##.....##..........P#
#P.....#รท.....######
###...........## ####
##@r.........#
##.#$#########S#F........##
.............rr.r........#
.............rr..........#
..............(..........#
.........................##
..........................####
............................P#
############.####..####......#


You could see a spiny frog, a water moccasin and 6 river rats.

Vanquished Creatures
  A spiny frog (Lair:1)
  A komodo dragon (Lair:1)
  Prince Ribbit (D:7)
  3 yaks (Lair:1)
  A steam dragon (D:7)
  2 wargs (D:8)
  An orc warrior (D:8)
  A porcupine (Lair:1)
  Duvessa (D:7)
  2 black bears
  A phantom (D:4)
  2 ogres
  A water moccasin (D:8)
  An ice beast (D:7)
  3 sky beasts
  The ghost of George the Slasher, an average DsGl (D:3)
  A centaur (D:8)
  4 giant frogs
  A gnoll sergeant (D:8)
  Dowan (D:7)
  A wyvern skeleton (D:7)
  2 scorpions
  A water moccasin skeleton (D:5)
  3 crimson imps
  A hound (D:4)
  3 jellies
  A giant frog skeleton (D:6)
  4 orc wizards
  2 iguanas
  4 orc priests
  Natasha (thrice) (D:3)
  2 worker ants
  2 hound zombies (D:5)
  2 worker ant zombies
  6 adders
  14 gnolls
  7 river rats
  An ooze (D:5)
  3 worms
  6 giant geckos
  24 orcs
  7 ball pythons
  10 giant cockroaches
  8 goblins
  5 hobgoblins
  10 jackals
  2 quokkas
  10 bats
  A giant gecko skeleton (D:5)
  14 giant newts
  5 kobolds
  15 rats
209 creatures vanquished.

Notes
Turn   | Place    | Note
--------------------------------------------------------------
     0 | D:1      | wvc the Vine Stalker Wanderer began the quest for the Orb.
     0 | D:1      | wvc set off with: a +2 quarterstaff, a +0 hand axe, 14 poisoned needles, a +0 blowgun, a +0 robe, a bread ration, a !bad item (cl:100,ty:0,pl:0,pl2:0,sp:0,qu:0), a !bad item (cl:100,ty:0,pl:0,pl2:0,sp:0,qu:0), a !bad item (cl:100,ty:0,pl:0,pl2:0,sp:0,qu:0), a !bad item (cl:100,ty:0,pl:0,pl2:0,sp:0,qu:0), a !bad item (cl:100,ty:0,pl:0,pl2:0,sp:0,qu:0), a !bad item (cl:100,ty:0,pl:0,pl2:0,sp:0,qu:0), a !bad item (cl:100,ty:0,pl:0,pl2:0,sp:0,qu:0), a !bad item (cl:100,ty:0,pl:0,pl2:0,sp:0,qu:0), a !bad item (cl:100,ty:0,pl:0,pl2:0,sp:0,qu:0), a !bad item (cl:100,ty:0,pl:0,pl2:0,sp:0,qu:0), a !bad item (cl:100,ty:0,pl:0,pl2:0,sp:0,qu:0), a !bad item (cl:100,ty:0,pl:0,pl2:0,sp:0,qu:0), a !bad item (cl:100,ty:0,pl:0,pl2:0,sp:0,qu:0), a !bad item (cl:100,ty:0,pl:0,pl2:0,sp:0,qu:0), a !bad item (cl:100,ty:0,pl:0,pl2:0,sp:0,qu:0), a !bad item (cl:100,ty:0,pl:0,pl2:0,sp:0,qu:0), a !bad item (cl:100,ty:0,pl:0,pl2:0,sp:0,qu:0), a !bad item (cl:100,ty:0,pl:0,pl2:0,sp:0,qu:0), a !bad item (cl:100,ty:0,pl:0,pl2:0,sp:0,qu:0), a !bad item (cl:100,ty:0,pl:0,pl2:0,sp:0,qu:0), a !bad item (cl:100,ty:0,pl:0,pl2:0,sp:0,qu:0), a !bad item (cl:100,ty:0,pl:0,pl2:0,sp:0,qu:0), a !bad item (cl:100,ty:0,pl:0,pl2:0,sp:0,qu:0), a !bad item (cl:100,ty:0,pl:0,pl2:0,sp:0,qu:0), a !bad item (cl:100,ty:0,pl:0,pl2:0,sp:0,qu:0), a !bad item (cl:100,ty:0,pl:0,pl2:0,sp:0,qu:0), a !bad item (cl:100,ty:0,pl:0,pl2:0,sp:0,qu:0), a !bad item (cl:100,ty:0,pl:0,pl2:0,sp:0,qu:0), a !bad item (cl:100,ty:0,pl:0,pl2:0,sp:0,qu:0), a !bad item (cl:100,ty:0,pl:0,pl2:0,sp:0,qu:0), a !bad item (cl:100,ty:0,pl:0,pl2:0,sp:0,qu:0), a !bad item (cl:100,ty:0,pl:0,pl2:0,sp:0,qu:0), a !bad item (cl:100,ty:0,pl:0,pl2:0,sp:0,qu:0), a !bad item (cl:100,ty:0,pl:0,pl2:0,sp:0,qu:0), a !bad item (cl:100,ty:0,pl:0,pl2:0,sp:0,qu:0), a !bad item (cl:100,ty:0,pl:0,pl2:0,sp:0,qu:0), a !bad item (cl:100,ty:0,pl:0,pl2:0,sp:0,qu:0), a !bad item (cl:100,ty:0,pl:0,pl2:0,sp:0,qu:0), a !bad item (cl:100,ty:0,pl:0,pl2:0,sp:0,qu:0), a !bad item (cl:100,ty:0,pl:0,pl2:0,sp:0,qu:0), a !bad item (cl:100,ty:0,pl:0,pl2:0,sp:0,qu:0), a !bad item (cl:100,ty:0,pl:0,pl2:0,sp:0,qu:0), a !bad item (cl:100,ty:0,pl:0,pl2:0,sp:0,qu:0), a !bad item (cl:100,ty:0,pl:0,pl2:0,sp:0,qu:0), a !bad item (cl:100,ty:0,pl:0,pl2:0,sp:0,qu:0), a !bad item (cl:100,ty:0,pl:0,pl2:0,sp:0,qu:0)
     0 | D:1      | Reached XP level 1. HP: 14/14 MP: 2/2
    54 | D:1      | Reached XP level 2. HP: 10/18 MP: 1/3
   273 | D:1      | Reached skill level 1 in Dodging
   372 | D:1      | Reached XP level 3. HP: 20/23 MP: 4/4
   579 | D:1      | You fall through a shaft!
   702 | D:2      | Reached skill level 1 in Short Blades
   825 | D:2      | Reached XP level 4. HP: 19/27 MP: 3/5
  1070 | D:2      | Found a glowing silver altar of Zin.
  1413 | D:2      | Found a stormy altar of Qazlal.
  1468 | D:3      | Noticed George's ghost (average DsGl)
  1502 | D:3      | Found a glowing drain.
  1619 | D:3      | Reached XP level 5. HP: 30/30 MP: 6/6
  1627 | Sewer    | Entered a sewer
  2468 | D:3      | Noticed Natasha
  2476 | D:3      | Killed Natasha
  2476 | D:3      | Reached skill level 1 in Long Blades
  2476 | D:3      | Gained mutation: You heal very quickly. [Vine Stalker growth]
  2476 | D:3      | Reached XP level 6. HP: 26/35 MP: 4/7
  2483 | D:3      | Found a deep blue altar of Sif Muna.
  2485 | D:3      | Found an ancient bone altar of Kikubaaqudgha.
  2485 | D:3      | Found a radiant altar of Vehumet.
  2495 | D:3      | Identified Sif Muna's Compendium of the Escort (You found it on level 3 of the Dungeon)
  2504 | D:3      | Identified Kikubaaqudgha's Compendium of Necromancy
  2514 | D:3      | Identified Vehumet's Guide on Attacks
  2737 | D:3      | Noticed Natasha
  2746 | D:3      | Killed Natasha
  2774 | D:3      | Killed George's ghost
  2775 | D:3      | Noticed Natasha
  2785 | D:3      | Killed Natasha
  3210 | D:4      | Reached XP level 7. HP: 39/39 MP: 8/8
  3844 | D:4      | Found a shadowy altar of Dithmenos.
  3918 | D:5      | Entered Level 5 of the Dungeon
  4093 | D:5      | Reached skill level 5 in Long Blades
  4153 | D:5      | Found a blossoming altar of Fedhas.
  4368 | D:5      | Found a sacrificial altar of Ru.
  4376 | D:5      | Became a worshipper of Ru the Awakened
  4383 | D:5      | Gained mutation: You have razor-sharp teeth. [Vine Stalker growth]
  4383 | D:5      | Reached XP level 8. HP: 44/44 MP: 9/9
  4464 | D:5      | Got a brightly glowing spear
  4465 | D:5      | Identified the +4 spear of Victory {antimagic, +Inv MR+ Str+4 Dex-5} (You found it on level 5 of the Dungeon)
  4660 | D:6      | Reached skill level 6 in Long Blades
  5049 | D:6      | Reached skill level 7 in Long Blades
  5116 | D:6      | Found a staircase to the Ecumenical Temple.
  5392 | D:7      | Found Coateiph's Assorted Antiques.
  5406 | D:7      | Bought a pair of gloves for 90 gold pieces
  5406 | D:7      | Bought a scroll labeled SUUQEJ CAYTYRU for 20 gold pieces
  5406 | D:7      | Bought a white potion for 18 gold pieces
  5406 | D:7      | Bought a glowing ring mail for 80 gold pieces
  5530 | D:7      | Noticed Duvessa
  5530 | D:7      | Noticed Dowan
  5541 | D:7      | Killed Duvessa
  5541 | D:7      | Reached skill level 8 in Long Blades
  5553 | D:7      | Killed Dowan
  5662 | D:7      | Found a snail-covered altar of Cheibriados.
  5663 | D:7      | Found a burning altar of Makhleb.
  5666 | D:7      | Found an iron altar of Okawaru.
  5668 | D:7      | Found a glowing golden altar of the Shining One.
  5669 | D:7      | Found a bloodstained altar of Trog.
  5733 | D:7      | Noticed Prince Ribbit
  5889 | D:7      | Reached XP level 9. HP: 38/47 MP: 8/10
  5976 | D:7      | Reached skill level 9 in Long Blades
  6087 | D:7      | Killed Prince Ribbit
  6306 | D:8      | Found a staircase to the Lair.
  6463 | D:8      | Reached skill level 10 in Long Blades
  7062 | D:8      | Reached skill level 11 in Long Blades
  7086 | D:8      | Gained mutation: You tend to lose your temper in combat. [mutagenic meat]
  7087 | D:8      | Gained mutation: You expend magic power (3 MP) to strengthen your wands. [mutagenic meat]
  7088 | D:8      | Gained mutation: You are partially covered in slimy green scales (AC +2). [mutagenic meat]
  7089 | D:8      | Gained mutation: You are frail (-10% HP). [mutagenic meat]
  7091 | D:8      | Gained mutation: Armour fits poorly on your strangely shaped body. [mutagenic meat]
  7093 | D:8      | Gained mutation: You can spit weak poison. [potion of beneficial mutation]
  7242 | Lair:1   | Entered Level 1 of the Lair of Beasts
  7282 | Lair:1   | Noticed a komodo dragon
  7294 | Lair:1   | Killed a komodo dragon
  7294 | Lair:1   | Reached XP level 10. HP: 45/45 MP: 11/11
  7322 | Lair:1   | Noticed a spiny frog
  7335 | Lair:1   | Killed a spiny frog
  7394 | Lair:1   | Reached skill level 12 in Long Blades
  7524 | Lair:1   | Noticed a spiny frog
  7545 | Lair:1   | Quit the game

Vault maps used:
D:1:      eino_arrival_druids_welcome, corexii_hall_statues_s
D:2:      lemuel_doored_altar, zin_statuary
D:3:      grunt_temple_overflow_magic_moments, portal_sewer_entry_f,
          uniq_natasha
D:4:      lemuel_coloured_pillars_altar, minmay_crossroads
D:5:      basic_altar, first_bread, fedhas_altar_fruit_tree
D:6:      minmay_temple_entry_large_hall
D:7:      grunt_temple_overflow_open, serial_shops,
          nicolae_shop_overgrown_old_shop, uniq_duvessa, uniq_prince_ribbit1
D:8:      erik_lair_orcish_takeover
Lair:1:   beast_lair_carwin_3
Sewer:    sewer_co_cracked_pipes

Action                   |  1- 3 |  4- 6 |  7- 9 | 10-12 || total
-------------------------+-------+-------+-------+-------++-------
Melee: Quarterstaff      |    70 |       |       |       ||    70
       Dagger            |    34 |   149 |       |       ||   183
       Falchion          |       |    89 |   303 |    57 ||   449
 Fire: Blowgun           |       |       |     3 |       ||     3
Throw: Throwing net      |       |       |     1 |       ||     1
Invok: Reject Sacrifices |       |       |     1 |     1 ||     2
  Use: Scroll            |       |    12 |    11 |       ||    23
       Potion            |       |       |     4 |       ||     4
 Stab: Sleeping          |       |     2 |     1 |       ||     3
       Fleeing           |       |       |     1 |       ||     1
  Eat: Beef jerky        |       |     2 |       |       ||     2
       Chunk             |       |     1 |     8 |     2 ||    11
       Pizza             |       |     1 |       |       ||     1
       Meat ration       |       |     1 |       |       ||     1
       Fruit             |       |       |    10 |       ||    10
